 Dungeon Crawl Stone Soup version 0.20.1-1-g8b1a95d (webtiles) character file.

457 LeVisiteur the Slasher (level 6, -3/53 HPs)
             Began as a Draconian Gladiator on July 24, 2017.
             Was a Believer of Uskayaw.
             Slain by a hobgoblin
             ... wielding a +0 club
              (5 damage)
             ... on level 4 of the Dungeon.
             The game lasted 00:31:00 (4841 turns).

LeVisiteur the Slasher (Draconian Gladiator)        Turns: 4841, Time: 00:31:01

Health: -3/53      AC:  6    Str: 17 (19) XL:     6   Next: 77%
Magic:  6/6        EV: 13    Int:  6 (8)  God:    Uskayaw [**....]
Gold:   82         SH:  0    Dex:  9 (12) Spells: 5/5 levels left

rFire    . . .     SeeInvis .   a - +1 long sword
rCold    + . .     Gourm    .   (no shield)
rNeg     . . .     Faith    .   (armour unavailable)
rPois    .         Spirit   .   b - +0 hat
rElec    +         Reflect  .   (no cloak)
rCorr    .         Harm     .   (no gloves)
MR       .....                  (no boots)
Stlth    +.........             (no amulet)
Regen    0.2/turn               (no ring)
MPRegen  0.1/turn               (no ring)

@: lethally poisoned (-3 -> -15), heavily drained
A: unfitting armour, cold resistance 1, electricity resistance, cold-blooded, AC
+6
a: Stomp, Line Pass, Renounce Religion


You were on level 4 of the Dungeon.
You worshipped Uskayaw.
Uskayaw was noncommittal.
You were not hungry.

You visited 1 branch of the dungeon, and saw 4 of its levels.

You collected 82 gold pieces.

Inventory:

Hand Weapons
 a - a +1 long sword (weapon)
Missiles
 i - 141 stones (quivered)
Armour
 b - a +0 hat (worn)
 k - a scarf of spirit shield
Magical Staves
 r - an uncursed staff of power {unknown}
Jewellery
 c - an uncursed ring of wizardry {unknown}
 q - a +6 ring of intelligence {unknown}
Scrolls
 j - a scroll of amnesia
 m - a scroll of teleportation
 o - a scroll of magic mapping
 p - 2 scrolls of remove curse
Potions
 f - a potion of agility
 l - a potion of heal wounds {unknown}
Comestibles
 d - a bread ration
 n - a meat ration


   Skills:
 * Level 4.3(3.1) Fighting
 + Level 4.8(3.6) Long Blades
 * Level 2.8(1.7) Throwing
 * Level 4.3(3.1) Dodging
 + Level 1.3(0.2) Stealth


You had 5 spell levels left.
You didn't know any spells.

Dungeon Overview and Level Annotations

Branches:
Dungeon (4/15)
 Temple: D:4-7

Altars:
Dithmenos
Nemelex Xobeh
Uskayaw
Yredelemnul

Annotations:
D:3 Vajrapani's ghost, amateur KoWn


Innate Abilities, Weirdness & Mutations

Your plain brown scales are hard. (AC +6)
You cannot fit into any form of body armour.
You are cold-blooded and may be slowed by cold attacks.
Your flesh is cold resistant. (rC+)
You are resistant to electric shocks. (rElec)


Message History

You feel weakened.
You feel dopey.
You feel clumsy.
* * * LOW HITPOINT WARNING * * *
You feel sick. The hobgoblin hits you with a club.
* * * LOW HITPOINT WARNING * * *
The scorpion barely misses you.
The hobgoblin hits you but does no damage.
There are no items here.
It was a potion of mutation.
You feel extremely strange.
You feel resistant to cold.
You feel insulated.
* * * LOW HITPOINT WARNING * * *
You feel sick. The hobgoblin hits you with a club.
* * * LOW HITPOINT WARNING * * *
The scorpion barely misses you.
You riposte.
You hit the scorpion but do no damage.
Your tail-slap misses the scorpion.
The scorpion is heavily wounded.
You barely miss the scorpion.
Your tail-slap misses the scorpion.
The scorpion is heavily wounded.
* * * LOW HITPOINT WARNING * * *
You feel sick. The hobgoblin hits you with a club.
You die...

............#
#......... #.....#
### #..# #≈# ##w.#
#≈≈ #..## ..##≈≈
##K.# #..#≈≈≈
#gs## #..#≈≈≈
##@.# #..#≈≈≈
#..### #..##≈≈
##..#.## ## #≈≈
##..##..## ##≈
#...##...# #≈
##...##...## #.≈
#. #..........#
#..≈# #.
####.......##..≈≈#
#. ####.......≈≈≈#
##


You could see a worm, a scorpion, a hobgoblin (berserk) and a kobold.

Vanquished Creatures
  A howler monkey (D:4)
  4 wights (D:4)
  Crazy Yiuf (D:2)
  A bullfrog skeleton (D:4)
  A worker ant (D:4)
  9 adders
  An ooze (D:3)
  2 dart slugs
  2 leopard geckos
  An orc (D:3)
  2 giant cockroaches
  6 goblins
  6 hobgoblins
  10 jackals
  9 kobolds
  9 ball pythons
  11 bats
  9 frilled lizards
  A quokka skeleton (D:4)
  10 rats
  2 bushes (D:2)
  4 fungi (D:2)
102 creatures vanquished.

Notes
Turn   | Place    | Note
-------+----------+-------------------------------------------
     0 | D:1      | LeVisiteur the Draconian Gladiator began the quest for the Orb.
     0 | D:1      | Reached XP level 1. HP: 17/17 MP: 1/1
   158 | D:1      | Reached XP level 2. HP: 24/24 MP: 2/2
   850 | D:1      | Reached XP level 3. HP: 30/30 MP: 3/3
  1317 | D:2      | Found a hide-covered altar of Uskayaw.
  1548 | D:2      | Reached XP level 4. HP: 33/37 MP: 4/4
  1933 | D:2      | Found a shadowy altar of Dithmenos.
  1933 | D:2      | Found a basalt altar of Yredelemnul.
  1935 | D:2      | Found a sparkling altar of Nemelex Xobeh.
  2268 | D:2      | Reached skill level 1 in Stealth
  2268 | D:2      | Reached XP level 5. HP: 44/44 MP: 5/5
  2780 | D:2      | Found a runed door.
  2784 | D:2      | Noticed Crazy Yiuf
  2790 | D:2      | Killed Crazy Yiuf
  3084 | D:3      | Noticed Vajrapani's ghost (amateur KoWn)
  3596 | D:2      | Became a worshipper of Uskayaw the Reveler
  3630 | D:3      | Reached * piety under Uskayaw
  3634 | D:3      | Reached ** piety under Uskayaw
  3953 | D:4      | Reached XP level 6. HP: 30/52 MP: 6/6
  3953 | D:4      | Reached *** piety under Uskayaw
  4152 | D:4      | Reached **** piety under Uskayaw
  4840 | D:4      | Gained mutation: Your flesh is cold resistant. (rC+) [potion of mutation]
  4840 | D:4      | Gained mutation: You are resistant to electric shocks. (rElec) [potion of mutation]
  4841 | D:4      | HP: 2/53 [poisoned by a scorpion]
  4841 | D:4      | Slain by a hobgoblin

Skill      XL: |  1  2  3  4  5  6 |
---------------+-------------------+-----
Dodging        | 3 4 |  4.3
Throwing       | 2 |  2.8
Long Blades    | 4 |  4.8
Stealth        | 1 |  1.3
Fighting       | 3 4 |  4.3

Action                   |  1- 3 |  4- 6 || total
-------------------------+-------+-------++-------
Melee: Long sword        |   100 |   321 ||   421
       Tailslap          |    13 |    72 ||    85
Throw: Throwing net      |     2 |     1 ||     3
       Stone             |       |    27 ||    27
  Use: Potion            |     1 |     6 ||     7
       Scroll            |       |     6 ||     6
 Stab: Sleeping          |     2 |     2 ||     4
       Paralysed         |       |     1 ||     1
  Eat: Bread ration      |     1 |     1 ||     2
       Royal jelly       |       |     1 ||     1
       Meat ration       |       |     1 ||     1
Armor: Skin              |    39 |    52 ||    91
Dodge: Dodged            |    97 |   126 ||   223
       Rpst.: Long sword |    34 |    49 ||    83
